 Dungeon Crawl Stone Soup version 0.17-a0-1583-g2df49ec (webtiles) character file.

3425 Goblin1989 the Grappler (level 10, 0/56 HPs)
             Began as a Vine Stalker Berserker on July 28, 2015.
             Was a High Priest of Trog.
             Slain by a red ugly thing (19 damage)
             ... on level 8 of the Dungeon.
             The game lasted 00:25:37 (7834 turns).

Goblin1989 the Grappler (Vine Stalker Berserker)    Turns: 7834, Time: 00:25:38

Health: 0/56       AC: 13    Str: 22    XL:     10   Next: 5%
Magic:  0/11       EV:  8    Int:  7    God:    Trog [*****.]
Gold:   351        SH:  0    Dex: 15    Spells: 0 memorised, 9 levels left

rFire  . . .     SeeInvis .       - Unarmed
rCold  . . .     Clarity  .     t - +0 chain mail
rNeg   . . .     SustAt   .     (no shield)
rPois  .         Gourm    .     d - +0 helmet
rElec  .         Spirit   +     (no cloak)
rCorr  .         Warding  .     B - +1 pair of gloves
rMut   .         Stasis   .     o - +0 pair of boots
MR     +....                    (no amulet)
Stlth  ..........               (no ring)
                                (no ring)

@: somewhat resistant to hostile enchantments, extremely unstealthy
A: fangs 3, regeneration 2, magic shield, antimagic bite, no device heal 3, rot
immunity
a: Burn Spellbooks, Berserk, Trog's Hand, Brothers in Arms, Renounce Religion


You were on level 8 of the Dungeon.
You worshipped Trog.
Trog was extremely pleased with you.
You were not hungry.

You visited 1 branch of the dungeon, and saw 8 of its levels.
You also visited: Sewer.

You collected 351 gold pieces.

Inventory:

Missiles
 n - 14 bolts (quivered)
Armour
 d - a +0 helmet (worn)
 o - a +0 pair of boots (worn)
 t - a +0 chain mail (worn)
 B - a +1 pair of gloves (worn)
Jewellery
 a - an uncursed ring of magical power {unknown}
 C - an uncursed amulet of regeneration {unknown}
 F - a +3 ring of intelligence {unknown}
Magical devices
 u - a wand of cold (7)
 y - a wand of fire (10)
Scrolls
 f - 4 scrolls of fear
 g - 8 scrolls of identify
 i - 3 scrolls of remove curse
 j - a scroll of enchant armour {unknown}
 l - 2 scrolls of noise {unknown}
 p - 3 scrolls of teleportation
 q - 2 scrolls of recharging {unknown}
 s - a scroll of random uselessness {unknown}
 v - a scroll of blinking
 w - 3 scrolls of enchant weapon {unknown}
Potions
 c - 2 potions of haste {unknown}
 e - a potion of flight {unknown}
 h - 2 potions of poison {unknown}
 k - a potion of cancellation {unknown}
 m - 3 potions of curing
 r - a potion of might {unknown}
 x - 2 potions of resistance {unknown}
 z - 2 potions of heal wounds {unknown}
 A - a potion of beneficial mutation {unknown}
 D - 2 potions of invisibility {unknown}
Comestibles
 b - 4 bread rations
 E - 2 beef jerkies
 G - 7 slices of pizza


   Skills:
 * Level 7.9 Fighting
 + Level 4.7 Throwing
 - Level 3.6 Armour
 - Level 1.5 Dodging
 + Level 9.6 Unarmed Combat


You had 9 spell levels left.
You didn't know any spells.

Dungeon Overview and Level Annotations

Branches:
Dungeon (8/15)             Temple (0/1) D:6
   Lair: D:8-11

Altars:
Gozag
Kikubaaqudgha
Nemelex Xobeh
Ru
Sif Muna


Innate Abilities, Weirdness & Mutations

You have razor-sharp teeth.
You heal very quickly.
When hurt, damage is shared between your health and your magic reserves.
Your bite disrupts and absorbs the magic of your enemies.
Potions and wands cannot restore your health.
You are immune to rotting.


Message History

D - 2 black potions (gained 1)
You open the door.
A red ugly thing comes into view.
The red ugly thing gurgles horribly!
A sky beast comes into view.
There is an open door here.
Found 16 gold pieces.
The sky beast hits you. The sky beast shocks you.
You punch the sky beast! Your bite misses the sky beast.
The sky beast is heavily wounded.
The sky beast hits you but does no damage.
You miss the sky beast.
The sky beast is heavily wounded.
The red ugly thing stings you!
You are engulfed in flames!!
The sky beast hits you but does no damage.
You punch the sky beast!
You bite the sky beast, but do no damage.
The sky beast is severely wounded.
The red ugly thing stings you!
You are engulfed in flames!!
You die...

##+##.. #..$..#
#.....+ ...
#.....# ...
#.....# ....
+.....#
#...#..Y..#+##
##...###@.....#
#....u.#u.....#
#......#......+
#......'......#
#......#......#
+......#......#
####+###......#+##
................#
................#


You could see a red ugly thing and a sky beast.

Vanquished Creatures
  The ghost of Eleanoora the Firebug, an experienced CeFE of Ashenzari (D:7)
  The ghost of HEYYEYAAE the Skirmisher, an experienced DrBe of Trog (D:6)
  A human (D:7)
  Edmund (D:4)
  An ice beast (D:7)
  An orc warrior (D:6)
  A sky beast (D:6)
  A black bear (D:6)
  A phantom (D:4)
  2 ogres
  A giant frog (D:6)
  3 scorpions
  A giant frog zombie (D:7)
  2 crimson imps
  4 hounds
  5 orc wizards
  5 orc priests
  A jelly (D:7)
  A centaur skeleton (D:7)
  2 iguanas (D:4)
  Natasha (D:2)
  7 worker ants
  4 sheep (D:7)
  A hound zombie (D:6)
  A worker ant zombie (D:6)
  Robin (D:4)
  12 adders
  3 gnolls (D:6)
  5 river rats (Sewer)
  An adder zombie (D:3)
  An ooze (D:1)
  3 worms
  4 giant geckos
  26 orcs
  A bat skeleton (D:5)
  18 hobgoblins
  12 jackals
  3 quokkas
  6 ball pythons
  13 bats
  5 giant cockroaches
  2 giant gecko skeletons
  9 giant newts
  18 goblins
  5 kobolds
  A quokka skeleton (D:5)
  11 rats
210 creatures vanquished.

Vanquished Creatures (others)
  An orc (D:8)
1 creature vanquished.

Grand Total: 211 creatures vanquished

Notes
Turn   | Place    | Note
--------------------------------------------------------------
     0 | D:1      | Goblin1989 the Vine Stalker Berserker began the quest for the Orb.
     0 | D:1      | Reached XP level 1. HP: 11/11 MP: 2/2
   220 | D:1      | Reached XP level 2. HP: 14/16 MP: 3/3
   756 | D:2      | Reached skill level 4 in Unarmed Combat
   815 | D:2      | Acquired Trog's second power
   815 | D:2      | Reached XP level 3. HP: 14/19 MP: 4/4
   966 | D:2      | Noticed Natasha
   979 | D:2      | Killed Natasha
   979 | D:2      | Reached XP level 4. HP: 4/23 MP: 0/5
  1126 | D:2      | Reached skill level 5 in Unarmed Combat
  1694 | D:3      | Reached XP level 5. HP: 18/27 MP: 6/6
  1765 | D:3      | Found an ancient bone altar of Kikubaaqudgha.
  1858 | D:3      | Found an opulent altar of Gozag.
  2016 | D:3      | You fall through a shaft!
  2038 | D:4      | Found a glowing drain.
  2041 | D:4      | Noticed Robin
  2057 | D:4      | Killed Robin
  2156 | Sewer    | Entered a sewer
  2312 | Sewer    | Gained mutation: You heal very quickly. [Vine Stalker growth]
  2312 | Sewer    | Reached XP level 6. HP: 27/32 MP: 7/7
  2700 | D:3      | Reached skill level 6 in Unarmed Combat
  3168 | D:4      | Noticed a phantom
  3237 | D:4      | Killed a phantom
  3237 | D:4      | Reached XP level 7. HP: 28/35 MP: 8/8
  3287 | D:4      | Noticed Edmund
  3340 | D:4      | Killed Edmund
  3340 | D:4      | Reached skill level 7 in Unarmed Combat
  3367 | D:4      | Acquired Trog's third power
  3684 | D:4      | Found a deep blue altar of Sif Muna.
  3759 | D:4      | Reached skill level 8 in Unarmed Combat
  4443 | D:5      | Entered Level 5 of the Dungeon
  4799 | D:5      | Gained mutation: You have razor-sharp teeth. [Vine Stalker growth]
  4799 | D:5      | Reached XP level 8. HP: 40/40 MP: 9/9
  4893 | D:5      | Reached skill level 1 in Throwing
  5703 | D:6      | Noticed HEYYEYAAE's ghost (experienced DrBe)
  5725 | D:6      | Killed HEYYEYAAE's ghost
  5725 | D:6      | Reached skill level 5 in Fighting
  5853 | D:6      | Reached XP level 9. HP: 47/47 MP: 10/10
  5870 | D:6      | Received a gift from Trog
  6386 | D:6      | Reached skill level 9 in Unarmed Combat
  6668 | D:6      | Found a sacrificial altar of Ru.
  6723 | D:6      | Found a staircase to the Ecumenical Temple.
  6870 | D:7      | Noticed Eleanoora's ghost (experienced CeFE)
  6882 | D:7      | Killed Eleanoora's ghost
  7021 | D:7      | Found a sparkling altar of Nemelex Xobeh.
  7441 | D:7      | Reached XP level 10. HP: 46/56 MP: 11/11
  7827 | D:8      | Noticed a red ugly thing
  7834 | D:8      | Slain by a red ugly thing

Vault maps used:
D:1:      saegor_arrival_simple_f, st_stairs_12
D:2:      mumra_celtic_spiral_tile, serial_forest,
          infiniplex_forest_clump_small, infiniplex_forest_clump_long,
          infiniplex_forest_clump_C, infiniplex_forest_lined_2,
          infiniplex_forest_clump_small, infiniplex_forest_end_1,
          infiniplex_forest_lined_3, ecumenical_altar_1, minmay_close_crescents,
          uniq_crazy_yiuf_cottage, uniq_natasha
D:3:      nicolae_overflow_hidden_temple, grunt_gozag_breadcrumbs, first_bread,
          serial_bayou_pond_d
D:4:      kennysheep_mini, gup_sewer_entry_glass, uniq_robin, uniq_edmund
D:6:      temple_doors_a, nicolae_ru_path_of_blood
D:7:      nicolae_overflow_crystal_walls, grunt_livestock
D:8:      kennysheep_little_box, lemuel_doored_altar, minmay_misc_feat_x
Sewer:    sewer_co_cracked_pipes

Action                   |  1- 3 |  4- 6 |  7- 9 | 10-12 || total
-------------------------+-------+-------+-------+-------++-------
Melee: Unarmed           |    90 |   250 |   398 |    30 ||   768
Invok: Berserk           |       |     2 |     2 |       ||     4
       Brothers in Arms  |       |       |     1 |       ||     1
  Use: Scroll            |       |     6 |       |       ||     6
       Potion            |       |       |     1 |       ||     1
 Stab: Sleeping          |     2 |       |       |       ||     2
  Eat: Chunk             |       |     5 |    10 |     1 ||    16
       Bread ration      |       |     1 |       |       ||     1
       Meat ration       |       |       |     1 |       ||     1
       Beef jerky        |       |       |     1 |       ||     1
